 Dungeon Crawl Stone Soup version 0.19.0-2-gae57169 (webtiles) character file.

130 Chiseanne the Skirmisher (level 5, -2/36 HPs)
             Began as an Octopode Warper on Nov 5, 2016.
             Slain by a gnoll
             ... wielding a +0 flail
              (5 damage)
             ... while paralysed by Grinder
             ... on level 3 of the Dungeon.
             The game lasted 00:06:08 (2297 turns).

Chiseanne the Skirmisher (Octopode Warper)          Turns: 2297, Time: 00:06:08

Health: -2/36      AC:  4    Str: 10 (11) XL:     5   Next: 14%
Magic:  9/9        EV:  2    Int: 12 (15) God:
Gold:   136        SH:  0    Dex: 11 (12) Spells: 0 memorised, 9 levels left

rFire  . . .     SeeInvis .     a - +0 long sword
rCold  + . .     Gourm    .     j - +2 shield {AC+3}
rNeg   . . .     Faith    .     (helmet restricted)
rPois  .         Spirit   .     e - amulet of rage
rElec  .         Reflect  .     s - ring of flight
rCorr  .         Harm     .     x - ring of protection from cold
MR     .....                    (no ring)
Stlth  +++.......               (no ring)
                                (no ring)
                                (no ring)
                                (no ring)
                                (no ring)

@: paralysed
A: almost no armour, stealthy swim, amphibious, 8 rings, constrict 8, camouflage
1, gelatinous body 1
a: Evoke Berserk Rage, Evoke Flight


You were on level 3 of the Dungeon.
You were not hungry.

You visited 1 branch of the dungeon, and saw 3 of its levels.

You collected 136 gold pieces.

Inventory:

Hand Weapons
 a - a +0 long sword (weapon)
 t - a cursed -1 dagger
Missiles
 d - 4 tomahawks of dispersal (quivered)
 i - 73 stones
 k - a throwing net
 l - 35 bolts
 p - 17 arrows
Armour
 j - a +2 shield of protection (worn)
Jewellery
 e - an amulet of rage (around mantle)
 s - a ring of flight (left tentacle)
 x - a ring of protection from cold (right tentacle)
Scrolls
 c - 2 scrolls of blinking
 g - a scroll of remove curse
Potions
 n - a potion of mutation {unknown}
 o - a potion of brilliance {unknown}
 r - a potion of haste {unknown}
 v - a potion of cancellation {unknown}
 w - a potion of agility {unknown}
Books
 b - a book of Spatial Translocations

   Spells                             Type                      Level
   a - Blink                          Translocation                2
   b - Shroud of Golubria             Charms/Translocation         2
   c - Lesser Beckoning               Translocation                3
   d - Portal Projectile              Translocation                3
   e - Teleport Other                 Translocation                3
   f - Passage of Golubria            Translocation                4
Comestibles
 f - 3 bread rations
 h - a beef jerky
 q - 3 slices of pizza
 u - a meat ration
 z - a chunk of flesh


   Skills:
 * Level 3.3 Fighting
 - Level 2.0 Short Blades
 - Level 1.0 Throwing
 - Level 3.0 Dodging
 * Level 2.6 Stealth
 * Level 1.1 Shields
 * Level 2.8 Spellcasting
   Level 3.0 Translocations


You had 9 spell levels left.
You didn't know any spells.

Dungeon Overview and Level Annotations

Branches:
Dungeon (3/15)

Altars:
Okawaru
Qazlal

Annotations:
D:3 Grinder; Xiguana's ghost, amateur HESk


Innate Abilities, Weirdness & Mutations

You cannot wear most types of armour.
You are very stealthy in the water. (Stealth+)
You are amphibious.
You can wear up to eight rings at the same time.
You can use your tentacles to constrict eight enemies at once.
Your skin changes colour to match your surroundings (Stealth+).
Your rubbery body absorbs attacks. (AC +1, EV +1)


Message History

Grinder says, "Don't move a muscle."
Grinder blinks!
The gnoll shouts!
You hit the gnoll.
You kill the gnoll!
Grinder says, "Just stop there for a second..."
Grinder hits you!
You writhe in agony.
You see here a flail.
It was a potion of degeneration.
There was something very wrong with that liquid.
You feel weakened.
You feel dopey.
You feel clumsy. Grinder gestures at you.
You suddenly lose the ability to move!
Grinder hits you!
You writhe in agony.
The gnoll barely misses you. Grinder hits you.
* * * LOW HITPOINT WARNING * * *
You writhe in agony.
* * * LOW HITPOINT WARNING * * *
The gnoll hits you with a flail.
You die...

# #.# #.#.# ##.#.###%#
#..รท!....# #..#.#####
#..... #. #.# #..... #
#.# #..... #g# #.....
# #@# ..... #)##5##
######.##.
##.#...######......##.
#.............# #...>.
#<.#...#####..# ##.###
#..#...#####..####.###
#.#..#................
#..#...#####..#######.
#..##.## #..#


You could see Grinder and a gnoll.

Vanquished Creatures
  A gnoll (D:3)
  7 adders
  A worm (D:2)
  2 dart slugs
  A leopard gecko (D:2)
  5 bats
  A giant cockroach (D:2)
  10 hobgoblins
  7 kobolds
  A quokka (D:3)
  A ball python (D:1)
  4 frilled lizards (D:2)
  6 goblins
  6 rats
53 creatures vanquished.

Notes
Turn   | Place    | Note
-------+----------+-------------------------------------------
     0 | D:1      | Chiseanne the Octopode Warper began the quest for the Orb.
     0 | D:1      | Reached XP level 1. HP: 14/14 MP: 3/3
   100 | D:1      | Reached XP level 2. HP: 13/19 MP: 5/5
   392 | D:1      | Reached skill level 1 in Stealth
   955 | D:1      | Reached XP level 3. HP: 24/25 MP: 6/6
  1463 | D:2      | Reached XP level 4. HP: 30/30 MP: 7/7
  1604 | D:2      | Found a stormy altar of Qazlal.
  1733 | D:2      | Found a faded altar of an unknown god.
  1840 | D:3      | Found an iron altar of Okawaru.
  1840 | D:3      | Found a faded altar of an unknown god.
  1853 | D:3      | Found a faded altar of an unknown god.
  1858 | D:3      | Found a faded altar of an unknown god.
  1859 | D:3      | Found a faded altar of an unknown god.
  1859 | D:3      | Noticed Xiguana's ghost (amateur HESk)
  2006 | D:3      | Noticed Grinder
  2016 | D:3      | Reached skill level 1 in Shields
  2227 | D:3      | Reached XP level 5. HP: 36/36 MP: 9/9
  2294 | D:3      | Paralysed by Grinder for 4 turns
  2297 | D:3      | Slain by a gnoll

Skill      XL: |  1  2  3  4 |
---------------+-------------+-----
Stealth        | 1 2 |  2.6
Dodging        | 3 |  3.0
Fighting       | 3 |  3.3
Shields        | 1 |  1.1
Short Blades   | |  2.0
Throwing       | |  1.0
Spellcasting   | |  2.8
Translocations | |  3.0

Action                   |  1- 3 |  4- 6 || total
-------------------------+-------+-------++-------
Melee: Short sword       |    79 |    10 ||    89
       Constrict         |    22 |    12 ||    34
       Tentacles         |     7 |    14 ||    21
       Long sword        |       |    33 ||    33
Throw: Tomahawk          |     1 |       ||     1
  Use: Scroll            |     3 |     4 ||     7
       Potion            |       |     1 ||     1
 Stab: Sleeping          |     4 |     3 ||     7
       Distracted        |     1 |       ||     1
  Eat: Chunk             |     2 |     2 ||     4
Armor: Skin              |    10 |     3 ||    13
Dodge: Dodged            |    58 |    20 ||    78
Block: Shield            |     1 |    18 ||    19
       Rpst.: Long sword |       |     5 ||     5
